 Dungeon Crawl Stone Soup version 0.27.1-2-g3b301248ec (webtiles) character file.

Game seed: 9314338642749754252

51 LLlMATKO the Skirmisher (level 3, -2/33 HPs)
             Began as a Minotaur Berserker on Oct 3, 2021.
             Was a Follower of Trog.
             Succumbed to a hobgoblin's poison
             ... on level 2 of the Dungeon.
             The game lasted 00:01:29 (1019 turns).

LLlMATKO the Skirmisher (Minotaur Berserker)        Turns: 1019, Time: 00:01:30

Health: -2/33      AC:  1    Str: 23    XL:     3   Next: 58%
Magic:  2/2        EV: 16    Int:  4    God:    Trog [*.....]
Gold:   32         SH:  0    Dex: 10    Spells: 2/2 levels left

rFire    . . .     SeeInvis .   a - +0 hand axe
rCold    . . .     Faith    .   (no shield)
rNeg     . . .     Spirit   .   b - +0 animal skin
rPois    +         Reflect  .   (helmet restricted)
rElec    .         Harm     .   (no cloak)
rCorr    .         Rampage  .   (no gloves)
Will     +....                  (no boots)
Stlth    +.........             (no amulet)
HPRegen  0.11/turn              h - +4 ring of evasion
MPRegen  0.08/turn              d - ring of willpower

@: mighty, lethally poisoned (-2 -> -16)
A: horns 2, retaliatory headbutt, deformed body, sense surroundings 1, poison
resistance, strong 1
a: Renounce Religion, Berserk


You were on level 2 of the Dungeon.
You worshipped Trog.
Trog was aware of your devotion.
You visited 1 branch of the dungeon, and saw 2 of its levels.

You collected 32 gold pieces.

Inventory:

Hand Weapons
 a - a +0 hand axe (weapon)
Missiles
 j - 14 poisoned darts (quivered)
 k - 2 throwing nets
Armour
 b - a +0 animal skin (worn)
Jewellery
 d - a ring of willpower (right hand)
 h - a +4 ring of evasion (left hand)
Scrolls
 c - a scroll of magic mapping {unknown}
 f - a scroll of teleportation {unknown}
 g - 2 scrolls of amnesia {unknown}


   Skills:
 + Level 4.2 Fighting
 + Level 4.2 Axes
 + Level 3.2 Armour
 + Level 2.9 Dodging


You had 2 spell levels left.
You didn't know any spells.
Your spell library was empty.

Dungeon Overview and Level Annotations

Branches:
Dungeon (2/15)

Altars:


Innate Abilities, Weirdness & Mutations

You have a pair of horns on your head.
You reflexively headbutt those who attack you in melee.
Armour fits poorly on your strangely shaped body.
You passively map a small area around you.
Your system is resistant to poisons. (rPois)
Your muscles are strong. (Str +2)


Message History

You are too injured to fight recklessly!
You are too injured to fight recklessly!
You are too injured to fight recklessly!
You are too injured to fight recklessly!
You are too injured to fight recklessly!
You are too injured to fight recklessly!
You are too injured to fight recklessly!
You are too injured to fight recklessly!
You are too injured to fight recklessly!
You are too injured to fight recklessly!
You are too injured to fight recklessly!
You are too injured to fight recklessly!
You are too injured to fight recklessly!
You are too injured to fight recklessly!
The hobgoblin throws a poisoned dart.
The poisoned dart hits you!
You are poisoned.
You feel sick.
The hobgoblin throws a poisoned dart.
The poisoned dart hits you!
You are lethally poisoned!
The rat closely misses you.
* * * LOW HITPOINT WARNING * * *
You feel very sick.
* * * LOW HITPOINT WARNING * * *
You feel very sick.
* * * LOW HITPOINT WARNING * * *
You feel very sick.
It was a potion of mutation.
You feel extremely strange.
Your body twists and deforms.
You feel resistant to poisons.
You feel stronger.
You feel a strange attunement to the structure of the dungeons.
* * * LOW HITPOINT WARNING * * *
You feel sick. The rat barely misses you. You furiously retaliate!
You headbutt the rat!
You kill the rat!
Trog accepts your kill.
The hobgoblin throws a poisoned dart.
The poisoned dart hits you!
You are more poisoned.
Okay, then.
It was a potion of might.
You feel very mighty all of a sudden.
You die...

#....#..## ##.#
####.....####..#
###.#......#* #.###.#..#
#.* #.##.### * .)
#.##...# ,.# #.####.# ,
,## #.# #.## #### , *
#@# #..# ..... , #.#
##.#...... **
########.#####........
#g.g...Sg........(.... ,
....#####..#######......
, . #.## ###### * , #.#
#.# * #.#


You could see a hobgoblin and a ball python.

Vanquished Creatures
  2 gnolls (D:2)
  A worm (D:2)
  2 dart slugs
  3 ball pythons
  2 endoplasms (D:1)
  A goblin (D:1)
  2 hobgoblins (D:1)
  4 jackals (D:2)
  A kobold (D:1)
  A quokka (D:1)
  3 bats
  A frilled lizard (D:2)
  2 rats
25 creatures vanquished.

Notes
Turn   | Place    | Note
-------+----------+-------------------------------------------
     0 | D:1      | LLlMATKO the Minotaur Berserker began the quest for the
                  | Orb.
     0 | D:1      | Reached XP level 1. HP: 19/19 MP: 0/0
   306 | D:1      | Found a faded altar of an unknown god.
   354 | D:1      | Reached XP level 2. HP: 22/27 MP: 1/1
   717 | D:2      | Reached XP level 3. HP: 21/33 MP: 2/2
  1018 | D:2      | Gained mutation: Armour fits poorly on your strangely
                  | shaped body. [potion of mutation]
  1018 | D:2      | Gained mutation: Your system is resistant to poisons.
                  | (rPois) [potion of mutation]
  1018 | D:2      | Gained mutation: Your muscles are strong. (Str +2) [potion
                  | of mutation]
  1018 | D:2      | Gained mutation: You passively map a small area around you.
                  | [potion of mutation]
  1018 | D:2      | HP: 1/33 [poisoned by a hobgoblin]
  1019 | D:2      | Succumbed to a hobgoblin's poison

Illustrated notes

Levels and vault maps discovered:
D:1:      shiori_shiawase, layout_basic, ebering_ecumenical_altar_box,
          corexii_item_surrounded_by_moat
D:2:      layout_rooms

Skill      XL: |  1  2 |
---------------+-------+-----
Fighting       | 4 |  4.2
Axes           | 4 |  4.2
Armour         | 3 |  3.2
Dodging        | |  2.9

Action                   || total
-------------------------++-------
Melee: Hand axe          ||    42
       Headbutt          ||    11
Invok: Berserk           ||     1
  Use: Potion            ||     2
Armor: Animal skin       ||     6
Dodge: Dodged            ||    45
